cohdb
Replays
Latest Replays
All Replays
Popular Replays
Top Player Replays
Match Explorer
How It Works
Community
CoH3 Stats
Reddit
Sign in to upload your games and track your stats! →
Sign in with Steam
Match 42633224
Unlisted
Match 42633224
Overview
Messages
Build Orders
End
Scout Squad
Selects Airborne Battlegroup
Selects Heavy Machine Gun Paradrop
Heavy Machine Gun Paradrop
Engineer Squad
Heavy Machine Gun Paradrop
Infantry Support Center
Construct Medical Station
Construct Weapon Support Center
Selects Paratrooper Squad Paradrop
Paratrooper Squad Paradrop
Paratrooper Squad Paradrop
M3 Armored Personnel Carrier
Construct Tank Depot
M4A1 Sherman Medium Tank
M4A1 Sherman Medium Tank
Selects Anti-tank Gun Team Paradrop
Selects Recon Loiter
Selects Supply Drop
M18 Hellcat Tank Destroyer
FooKilla
braindamage
CrazyDuck
Dave
0
0
Comments
sign in to comment!
No comments posted yet!